Cogmind - Beta 15 @@@ ROGUE MODE // 2025.08.07 @ 18:05:21 Player: Skysub Result: Destroyed by 2A-D4G(R) with Subdweller Beam Cannon Performance ------------- Evolutions (0) 0 Regions Visited (3) 600 Robots Destroyed (33) 165 Value Destroyed (511) 511 Prototype IDs (11) 220 Alien Tech Used (0) 0 Bonus (14) 14 TOTAL SCORE: 1510 Bonus ------- Follower Combat Kills 14 Cogmind --------- Core Integrity 0/250 Matter 225/300 Energy 250/250 System Corruption 0% Temperature Cool (9) Movement Core (850) Ox16 Location -10/Subcaves Parts ------- > --- POWER (1) -------- Ion Engine > --- PROPULSION (2) --- Compact Wheel > --- UTILITY (2) ------ Improved Heat Sink High-capacity Storage Unit > --- WEAPON (2) ------- Light Assault Rifle Light Cannon > --- INVENTORY (20) --- Ion Engine Makeshift Power Source Makeshift Leg Wheel Wheel Subdweller Monowheel Compact Matter Pod (150) Structural Scanner Gun Armor Scrap Shield Small Laser Subdweller Laser Subdweller Laser Rocket Launcher Hammer Mining Claw Makeshift Axe Peak State ------------ > --- POWER ------------ Ion Engine > --- PROPULSION ------- Light Treads Compact Wheel > --- UTILITY ---------- Improved Heat Sink High-capacity Storage Unit > --- WEAPON ----------- Light Assault Rifle Rocket Launcher > --- INVENTORY -------- Ion Engine Makeshift Power Source Makeshift Leg Wheel Wheel Subdweller Monowheel Compact Matter Pod Structural Scanner Gun Armor Scrap Shield Small Laser Subdweller Laser Subdweller Laser Light Cannon Hammer Mining Claw Makeshift Axe [Rating: 14] Favorites ----------- Power Ion Engine Engine Ion Engine Propulsion Light Treads Treads Light Treads Wheel Compact Wheel Utility High-capacity Storage Unit Device Seismic Detector Storage High-capacity Storage Unit Weapon Light Assault Rifle Energy Gun Small Laser Ballistic Gun Light Assault Rifle Ballistic Cannon Light Cannon Launcher Rocket Launcher Impact Weapon Hammer Build | -11 -10 -10 -10 ------- Run | Yrd Mat Min Sub Slots Evolved . | . . . . Power . | . . . . Propulsion . | . . . . Utility . | . . . . Weapon . | . . . . Parts Attached 16 | 7 5 1 3 Power 2 | 1 . . 1 Engine 2 | 1 . . 1 Core . | . . . . Reactor . | . . . . Propulsion 3 | 2 1 . . Treads 2 | 2 . . . Leg . | . . . . Wheel 1 | . 1 . . Hover . | . . . . Flight . | . . . . Utility 4 | 2 1 1 . Device 2 | 1 . 1 . Storage 2 | 1 1 . . Processor . | . . . . Hackware . | . . . . Protection . | . . . . Artifact . | . . . . Weapon 7 | 2 3 . 2 Energy Gun 3 | 2 1 . . Energy Cannon . | . . . . Ballistic Gun 1 | . 1 . . Ballistic Cannon 1 | . . . 1 Launcher 1 | . . . 1 Special Weapon . | . . . . Impact Weapon 1 | . 1 . . Slashing Weapon . | . . . . Piercing Weapon . | . . . . Special Melee Weapon . | . . . . Unidentified Prototypes . | . . . . Parts Lost 4 | . . 2 2 Power 1 | . . . 1 Propulsion 2 | . . 1 1 Utility 1 | . . 1 . Weapon . | . . . . Highest Loss Streak 2 | . . 2 1 To Critical Strikes . | . . . . Average Backups 10 | 3 8 10 17 Power 1 | . 1 1 1 Propulsion 2 | 1 2 2 3 Utility 1 | . . 1 3 Weapon 5 | . 4 5 7 Tool/Special . | . . . . Unused Backups 15 | . 1 . 14 Power 1 | . . . 1 Propulsion 4 | . . . 4 Utility 4 | . . . 4 Weapon 6 | . 1 . 5 Tool/Special . | . . . . Average Slot Usage (%) 96 | . 100 99 87 Engine 10 | . 14 14 2 Treads 16 | . 20 13 13 Wheel 11 | . 7 14 14 Device 13 | . 14 13 14 Storage 14 | . 14 14 14 Energy Gun 11 | . 16 14 . Ballistic Gun 12 | . 10 14 14 Ballistic Cannon 1 | . . . 3 Launcher 1 | . . . 5 Impact Weapon 1 | . . . 4 Peak Build Rating 14 | 7 8 10 14 Average Rating 8 | 6 7 9 11 On Entrance 6 | . 7 8 10 Naked Turns . | . . . . Heaviest Build 51 | 14 49 48 51 Greatest Support 40 | 40 40 16 16 Greatest Overweight (x) 3 | 1 3 2 3 Average Overweight (x) 1 | . . 2 2 Largest Inventory Capacity 20 | 8 20 20 20 Average Capacity 16 | 7 14 20 20 Most Carried 20 | 5 10 13 20 Average Carried 11 | 3 8 10 18 Final Capacity 20 | 8 20 20 20 Final Carried 18 | 5 10 13 18 Class Distribution -------------------- 100% | Mutant Dominant Class ---------------- Mutant | -10/Materials Mutant | -10/Mines Mutant | -10/Subcaves Resources | -11 -10 -10 -10 ----------- Run | Yrd Mat Min Sub Matter Collected 459 | 270 73 29 87 Remotely . | . . . . Salvage Created 903 | 262 443 114 84 Parts 65 | 19 30 10 6 Haulers Intercepted 1 | . 1 . . Recyclers Shooed 1 | . 1 . . Parts Field Recycled . | . . . . Retrieved Matter . | . . . . Parts Self-Destructed 6 | . . . 6 Prevented . | . . . . Kills | -11 -10 -10 -10 ------- Run | Yrd Mat Min Sub Combat Hostiles Destroyed 18 | . 13 2 3 Guns 17 | . 13 2 2 AOE 1 | . . . 1 Classes Destroyed 9 | 3 4 . 2 Worker 3 | 2 1 . . Tunneler 9 | 6 2 1 . Hauler 1 | . 1 . . Recycler 1 | 1 . . . Operator 1 | . 1 . . Swarmer 9 | . 8 . 1 Grunt 7 | . 5 2 . Artisan 1 | . . . 1 Subdweller 2 | . . . 2 Best Kill Streak 5 | 3 5 1 1 Combat Bots Only 5 | . 5 1 1 Max Kills in Single Turn 1 | 1 1 1 1 Gunslinging . | . . . . Exploded 1 | . . . 1 Melee . | . . . . Uniques/NPCs Destroyed . | . . . . Combat | -11 -10 -10 -10 -------- Run | Yrd Mat Min Sub Hostile Shots Fired 109 | . 74 15 20 Missed 32 | . 20 3 9 Hits 77 | . 54 12 11 Projectile 77 | . 54 12 11 Critical Strikes 1 | . 1 . . Damage Taken 924 | . 474 173 277 Core 275 | . 112 29 134 Absorbed by Shields . | . . . . Core Remaining (%) 100 | 100 . . . Volleys Fired 111 | 31 46 16 18 Largest 2 | 2 2 2 2 Hottest 90 | 90 90 60 53 Shots Fired 186 | 36 85 32 33 Gun 169 | 36 85 32 16 Cannon 13 | . . . 13 Launcher 4 | . . . 4 Special . | . . . . Kinetic 68 | . 23 16 29 Thermal 114 | 36 62 16 . Explosive 4 | . . . 4 Electromagnetic . | . . . . Robot Hit Streak 14 | 5 5 6 14 Robot Miss Streak 8 | 3 8 3 1 Penetration Max . | . . . . Secondary Targets . | . . . . Shots Hit Robots 116 | 21 46 21 28 Core Hits 47 | 10 24 7 6 Critical Kills . | . . . . Critical Parts Destroyed 1 | . 1 . . Critical Strikes 2 | 1 1 . . Burn 1 | 1 . . . Smash 1 | . 1 . . Melee Attacks 13 | . 4 . 9 Impact 13 | . 4 . 9 Slashing . | . . . . Piercing . | . . . . Sneak Attacks 2 | . 1 . 1 Combat Hostiles . | . . . . Follow-up Attacks . | . . . . Damage Inflicted 1606 | 220 548 204 634 Guns 1026 | 220 481 204 121 Cannons 214 | . . . 214 Explosions 235 | . . . 235 Melee 130 | . 66 . 64 Ramming 1 | . 1 . . Kinetic 570 | . 140 95 335 Thermal 670 | 220 341 109 . Explosive 235 | . . . 235 Electromagnetic . | . . . . Impact 130 | . 66 . 64 Slashing . | . . . . Piercing . | . . . . Highest Corruption . | . . . . Average Corruption . | . . . . Corruption Purged . | . . . . Corruption Blocked . | . . . . Overload Shots . | . . . . Overflow Damage 66 | . 66 . . Projectiles . | . . . . Explosions . | . . . . Melee 66 | . 66 . . Knockbacks 5 | . 1 . 4 Impact 1 | . 1 . . Kinetic 4 | . . . 4 Secondary . | . . . . Self-Inflicted Damage . | . . . . Shots . | . . . . Rammed . | . . . . Targets Rammed 1 | . 1 . . Kicked . | . . . . Crushed 1 | . 1 . . Highest Temperature 150 | 150 150 112 . Average Temperature 68 | 118 52 55 . Received Heat Transfer 282 | . 114 96 72 Siege Activations . | . . . . Martial Activations . | . . . . Shielding Activations . | . . . . Robots Disrupted . | . . . . Combat Hostiles . | . . . . Robots Corrupted 1 | . 1 . . Combat Hostiles . | . . . . Parts Fried 2 | . 2 . . Impact Corruptions 3 | . 3 . . Robots Melted . | . . . . Combat Hostiles . | . . . . Parts Melted 4 | 1 3 . . Heat Transferred 1693 | 597 846 250 . Parts Sabotaged . | . . . . Parts Stolen . | . . . . Parts Stripped . | . . . . Power Chain Reactions . | . . . . Alert | -11 -10 -10 -10 ------- Run | Yrd Mat Min Sub Maximum Alert Level . | . . . . Low Security (%) 100 | 100 100 100 . Level 1 . | . . . . Level 2 . | . . . . Level 3 . | . . . . Level 4 . | . . . . Level 5 . | . . . . High Security . | . . . . Max Security . | . . . . Peak Influence 153 | 15 153 45 . Initial 36 | . . 36 . Average 45 | 1 82 6 . Influence Increases 691 | 45 495 70 81 Destroy 0b10 Robot/C 360 | . 260 40 60 Destroy 0b10 Robot/NC 75 | 45 25 5 . Destroy Leader 62 | . 42 10 10 Allied During Kill 11 | . . . 11 Successful Hack 31 | . 31 . . Select Force Hacks 60 | . 60 . . Destroy Structure 2 | . 2 . . Lose Combat Pursuer 90 | . 75 15 . Influence Decreases 691 | 45 402 163 81 Entered New Map 57 | . . 57 . Time Decay 634 | 45 402 106 81 Squads Dispatched 5 | . 5 . . Investigation 4 | . 4 . . Extermination . | . . . . Reinforcement 1 | . 1 . . Assault . | . . . . Garrison . | . . . . Intercept . | . . . . Searches Triggered . | . . . . Construction Impeded . | . . . . Haulers Reinforced . | . . . . Active Scanning Responses . | . . . . Cargo Convoy Interrupts . | . . . . Stealth | -11 -10 -10 -10 --------- Run | Yrd Mat Min Sub Distress Signals 1 | . 1 . . Communications Jammed . | . . . . Distress Signals . | . . . . Times Spotted 32 | . 23 3 6 Peak Tracking Total 6 | . 6 2 3 Tactical Retreats 4 | . 3 1 . Traps | -11 -10 -10 -10 ------- Run | Yrd Mat Min Sub Traps Triggered 1 | . 1 . . Indirectly . | . . . . Trap Hack Attempts . | . . . . Triggered . | . . . . Disarmed . | . . . . Reprogrammed . | . . . . Reused . | . . . . Traps Extracted . | . . . . Installed . | . . . . Triggered . | . . . . Machines | -11 -10 -10 -10 ---------- Run | Yrd Mat Min Sub Machines Disabled 1 | . . . 1 Max in Single Turn 1 | . . . 1 Machines Repaired . | . . . . Machines Dismantled . | . . . . Machines Sabotaged . | . . . . Overloaded Fab Kills . | . . . . Hacking | -11 -10 -10 -10 --------- Run | Yrd Mat Min Sub Machines Accessed 9 | . 8 . 1 Terminals 6 | . 6 . . Fabricators . | . . . . Repair Stations . | . . . . Recycling Units 2 | . 2 . . Scanalyzers . | . . . . Garrison Access . | . . . . Total Hacks 24 | . 23 . 1 Successful 17 | . 16 . 1 Failed 7 | . 7 . . Catastrophic 1 | . 1 . . Database Lockouts . | . . . . Manual 19 | . 19 . . Terminals 19 | . 19 . . Fabricators . | . . . . Repair Stations . | . . . . Recycling Units 4 | . 4 . . Scanalyzers . | . . . . Garrison Access . | . . . . Terminal Hacks 2 | . 1 . 1 Terminal Index 1 | . 1 . . Proto ID Catalog 1 | . . . 1 Fabricator Hacks . | . . . . Repair Station Hacks . | . . . . Recycling Unit Hacks 2 | . 2 . . Report Inventory 2 | . 2 . . Scanalyzer . | . . . . Garrison Access Hacks . | . . . . Unauthorized Hacks 13 | . 13 . . Terminals 11 | . 11 . . Assimilate 1 | . 1 . . Botnet 4 | . 4 . . Skim 6 | . 6 . . Fabricators . | . . . . Repair Stations . | . . . . Recycling Units 2 | . 2 . . Tunnel 2 | . 2 . . Scanalyzers . | . . . . Garrison Access . | . . . . Data Cores Recovered . | . . . . Used . | . . . . Hacking Detections 7 | . 7 . . Full Trace Events 1 | . 1 . . Feedback Events . | . . . . Feedback Blocked . | . . . . Robot Schematics Acquired . | . . . . Robots Built . | . . . . Authchips . | . . . . Time . | . . . . Total Robot Build Rating . | . . . . Part Schematics Acquired . | . . . . Parts Built . | . . . . Authchips . | . . . . Time . | . . . . Total Part Build Rating . | . . . . Parts Repaired . | . . . . Time . | . . . . Parts Recycled . | . . . . Recycled Matter . | . . . . Retrieved Matter . | . . . . Retrieved Components . | . . . . Parts Scanalyzed . | . . . . Part Schematics Acquired . | . . . . Parts Damaged . | . . . . Bothacking | -11 -10 -10 -10 ------------ Run | Yrd Mat Min Sub Used RIF Installer . | . . . . Robots Hacked . | . . . . Non-combat . | . . . . Combat . | . . . . Robot Hacks Applied . | . . . . Relay Couplers Released . | . . . . Fabnet Peak Effective % . | . . . . Robots Rewired . | . . . . Allies Hacked . | . . . . Hacks Repelled . | . . . . Allies | -11 -10 -10 -10 -------- Run | Yrd Mat Min Sub Total Allies 3 | . . 3 . Largest Group 3 | . . 3 3 Highest-Rated Group 40 | . . 40 40 Highest-Rated Ally 16 | . . 16 16 Total Orders . | . . . . Ally Attacks 19 | . . . 19 Total Damage 154 | . . . 154 Kills 2 | . . . 2 Allies Corrupted . | . . . . Allies Melted . | . . . . Intel | -11 -10 -10 -10 ------- Run | Yrd Mat Min Sub Active Infowar (turns) 1453 | 98 1054 301 . Seismic 1453 | 98 1054 301 . Robot Analysis Total . | . . . . Derelict Logs Recovered 2 | . . 2 . Drone Launches . | . . . . Drone Recoveries . | . . . . Exploration | -11 -10 -10 -10 ------------- Run | Yrd Mat Min Sub Turns Passed 2781 | 250 1054 738 739 Spaces Moved 1519 | 108 449 508 454 Core 4 | 4 . . . Treads 352 | 104 248 . . Legs . | . . . . Wheels 1163 | . 201 508 454 Hover . | . . . . Flight . | . . . . Fastest Speed 50 | 50 130 130 130 Average Speed 137 | 156 147 130 130 Slowest Speed 160 | 160 160 130 145 Overloaded Moves . | . . . . Propulsion Burnouts . | . . . . Robots Hopped . | . . . . Potential Cave-ins . | . . . . Cave-ins Triggered . | . . . . Exploration Rate (%) 52 | 6 87 91 26 Regions Visited 3 Branch Regions 2 Pre-discovered Areas 4 | . 2 1 1 Known Exits Taken 1 | . . 1 . Unknown Exits Taken 2 | 1 1 . . Scrap Searched 4 | . . 1 3 Spaces Dug 2 | . 2 . . Terrain Destroyed 22 | . 2 . 20 Melee 2 | . 2 . . Projectile . | . . . . AOE 20 | . . . 20 Terrain Rammed . | . . . . Walls Destroyed . | . . . . Machines Disabled . | . . . . Actions | -11 -10 -10 -10 --------- Run | Yrd Mat Min Sub Total 2010 | 150 751 556 553 Wait 323 | . 239 27 57 Move 1516 | 107 448 507 454 Hop . | . . . . Pick Up 22 | 5 6 4 7 Fast Attach 8 | 7 . 1 . Attach 2 | . . 1 1 Detach . | . . . . Swap 10 | . 5 . 5 Drop 4 | . 2 . 2 Fire 111 | 31 46 16 18 Melee 13 | . 4 . 9 Ram . | . . . . Kick . | . . . . Crush 1 | . 1 . . Escape Stasis . | . . . . Rewire . | . . . . Trap . | . . . . Miscellaneous . | . . . . Route ------- -11/Scrapyard -10/Materials (discovered 5 exits: *Mat x3 / [*Min] / Sub) -10/Mines (discovered 3 exits: *Mat x2 / *Sub) -10/Subcaves (discovered 2 exits: Mat / Rec) History --------- Turn | Location | Event 11 | -11/Scrapyard | Discovered new exit (range 15) 251 | -11/Scrapyard | Entered Materials 309 | -10/Materials | Build established: Mutant 608 | -10/Materials | Discovered new exit (range 10) 754 | -10/Materials | Discovered new exit (range 12) 929 | -10/Materials | Discovered new exit (range 6) 1008 | -10/Materials | Discovered new exit (range 11) 1077 | -10/Materials | Learned Materials emergency access door positions 1130 | -10/Materials | Learned location of 2 exits from Mines 1171 | -10/Materials | Learned Storage emergency access door positions 1201 | -10/Materials | Identified exit to Subcaves 1241 | -10/Materials | Learned 2 Storage zone layouts 1292 | -10/Materials | Learned location of 2 exits from Subcaves 1305 | -10/Materials | Entered Mines 1306 | -10/Mines | Identified exit to Materials 1311 | -10/Mines | Met a Derelict bent on vengeance 1374 | -10/Mines | Discovered exit to Materials (range 3) 1613 | -10/Mines | Core integrity fell below 50% 1919 | -10/Mines | Assisted by bots powering up and referring to "LRC-V3" 1936 | -10/Mines | Received a Rocket Launcher from a helpful Derelict 1992 | -10/Mines | A weapon hastily lodged in a ceiling crevice suddenly fell to the ground 2043 | -10/Mines | Entered Subcaves 2043 | -10/Subcaves | Accompanied by 3 allies 2044 | -10/Subcaves | Approached by a straggling Scientist 2044 | -10/Subcaves | Identified exit to Materials 2044 | -10/Subcaves | Identified exit to Recycling 2050 | -10/Subcaves | Learned location of Zion (-6) 2050 | -10/Subcaves | Met a Zionite searching for "candidates" 2262 | -10/Subcaves | Visited 4L-MR0's lab 2278 | -10/Subcaves | Found Gun Armor 2728 | -10/Subcaves | Disturbed a concealed Subdweller 2771 | -10/Subcaves | Core integrity fell below 20% 2777 | -10/Subcaves | Lost 3 allies 2782 | -10/Subcaves | Destroyed by 2A-D4G(R) with Subdweller Beam Cannon Last Messages --------------- 02611_ FN-8XQ(R): "ECOKILL!" 02617_ FN-8XQ(R) destroyed. 02621_ The unstable cave ceiling collapses. T0-OGG(c): "I think it's somewhere south of here" T0-OGG(c): "I think it's somewhere southwest of here" 02729_ 2A-D4G(R): "GOTOSCRAP!" 02738_ Mercenary 1a destroyed. 02744_ Searching scrap... 02744_ Found Mak. Power Source. 02744_ Found Slug Cannon. 02744_ Found 33 Matter. 02745_ Acquired 33 matter. 02747_ Acquired Mak. Power Source. 02753_ 2A-D4G(R) knocked back. T0-OGG(c): "I think it's somewhere southwest of here" 02759_ 2A-D4G(R) knocked back. 02763_ 2A-D4G(R) affixes Scrap Shield Fragment to Scrap Shield. 02768_ Lgt. Treads destroyed. 02769_ Subatomizers dissect the Imp. Heat Sink. 02770_ 2A-D4G(R) knocked back. Map ----- +----------------------------------------------------+ | ?????????????????????????????????????????????????? | | ?????????????????????????????????????????????????? | | ?????????????????????????????????????????????????? | | ?????????????????????????????????????????????????? | | ?????????????????????????????????????????????????? | | ?????????????????????????????????????????????????? | | ?????????????????????????????????????????????????? | | ?????????????????????????????????????????????????? | | ?????????????????????????????????????????????????? | | ###??????????????????????????????????????????????? | | # #####??????????????????????????????????????????? | | ##?????????????????????????????????????????? | | #?????????????????????????????????????????? | | #??????????????????????????????????????????? | | ###????????????????????????????????????????? | | #????????????????????????????????????????? | | ##???????????????????????????????????????? | | ##### #???????#???????????????????????????????? | | #???# #????? #???????????????????????????????? | | #???## #????? #???????????????????????????????? | | ###### #???? ##??????????????????????????????? | | # #???? #??????????????????????????????? | | # ##### #??######???????????????????????? | | ##?#%%R ###?????????????????????? | | #?## ] ;#?????????????????????? | | ## #??###%@##?????????????????????? | | #### ### #??#*=[ ##????????????????????? | | ##??### #??# ##?###%#; ##???????????????????? | | #?????## #### ##?# !<#! #???????????????????? | | ????????## ## #?# ==%###???????????????????? | | ?????????# #?# *%=#?????????????????????? | | ?????????# #?## [##????????????????????? | | ##???????## ####### ##???????????????????? | | #???????#### #??## ##??????????????????? | | #???????????### ##?### #??????????????????? | | ##?????###?????# ## # #??????????????????? | | ???????# ##### #??????????????????? | | ??????## ##??????????????????? | | ??????# ## # ## #???????????????????? | | ??????# ########## ##??????????????????? | | ??????# #####?#### #??????????????????? | | ?????>## ### # ##??????????????????? | | ???????###### ## #?????? ???????? | | ????????????## # # ???????? | | ?????????????# ### #????????????? | | ????????????###?## #??????????????? | | ??????????????????##### ##??????????????? | | ??????????????????????### #???????????????? | | ????????????????????????## ##???????????????? | | ?????????????????????????## ###????????????????? | +----------------------------------------------------+ Best States ------------- Heat Dissipation 39 Energy Generation 10 Energy Capacity 250 Matter Stores 300 Matter Capacity 300 Sight Range 16 Terrain Scan Density 10 Evasion (%) 40 Recoil Reduction 2 Item Schematics ----------------- None Robot Schematics ------------------ None Fabricated ------------ Nothing Repaired ---------- Nothing Alien Tech Used ----------------- None Achievements -------------- None Challenges ------------ None Game ------ Seed WarpPhaseInsulator Manual? 0 Play Time 00:13:17 Cumulative 236.5 hours Start 2025.08.07 @ 17:51:08 End 2025.08.07 @ 18:05:21 Sessions 1 Manual Loads 0 Difficulty Rogue Special Mode None Game No. 252 Rogue 252 Adventurer 0 Explorer 0 Win Type - Total 10 Types 5/0/3/1/0/0/0/0/0/1 Lore% 74 Gallery% 70 Achievement% 64 Wizard Run 0 Options --------- Layout 1 ASCII 0 Keyboard 1 Movement Numpad Keybinds 0 Fullscreen 1 Font 32/SmallcapsGlow Map View 77x35 Zoom Use 0% Tactical HUD 1 Map Filters NONE Filters NONE Steam 1 RUN: 3fb30ae7-374b-40ce-aaa5-9f62cfe53664